| TOP OF THE 1ST |
|
Orlando Devil Rays batting - Pitching for Boston Red Sox : LHP Shinji Imanaka
|
|
Pitching: LHP Shinji Imanaka
|
|
|
Batting: RHB Craig Biggio
|
0-0: Ball 1-0: Ground out 3-1 (Groundball, 34, EV 108.1 MPH)
|
|
Batting: RHB Brian Jordan
|
0-0: Ball 1-0: Ground out 6-3 (Groundball, 56, EV 108.8 MPH)
|
|
Batting: RHB Jeff Bagwell
|
0-0: Called Strike 0-1: Called Strike 0-2: Foul Ball, location: 2F 0-2: Ball 1-2: Foul Ball, location: 2F 1-2: Strikes out swinging
|
| Top of the 1st over - 0 runs, 0 hits, 0 errors, 0 left on base; Orlando 0 - Boston 0 |
| BOTTOM OF THE 1ST |
|
Boston Red Sox batting - Pitching for Orlando Devil Rays : RHP Shane Reynolds
|
|
Pitching: RHP Shane Reynolds
|
|
|
Batting: RHB Edgar Renteria
|
0-0: Ball 1-0: Called Strike 1-1: Ball 2-1: Ground out 6-3 (Groundball, 6, EV 78.1 MPH)
|
|
Batting: RHB Scott Fletcher
|
0-0: Ball 1-0: Swinging Strike 1-1: Ball 2-1: Fly out, F9 (Flyball, 89M, EV 88.8 MPH)
|
|
Batting: RHB Akira Eto
|
0-0: Ball 1-0: Ground out 4-3 (Groundball, 4, EV 100.6 MPH)
|
| Bottom of the 1st over - 0 runs, 0 hits, 0 errors, 0 left on base; Orlando 0 - Boston 0 |
| TOP OF THE 2ND |
|
Orlando Devil Rays batting - Pitching for Boston Red Sox : LHP Shinji Imanaka
|
|
Batting: RHB Ron Gant
|
0-0: Foul Ball, location: 2F 0-1: Ball 1-1: Called Strike 1-2: Foul Ball, location: 2F 1-2: Strikes out swinging
|
|
Batting: RHB Tim Salmon
|
0-0: Ball 1-0: Called Strike 1-1: Ball 2-1: Ball 3-1: Base on Balls
|
|
Batting: RHB Ivan Rodriguez
|
0-0: Fly out, F7 (Flyball, 78S, EV 91.9 MPH)
|
|
Batting: LHB Paul O'Neill
|
0-0: Ball 1-0: Called Strike 1-1: Foul Ball, location: 2F 1-2: Ball 2-2: Ball 3-2: Base on Balls Tim Salmon to second
|
|
Batting: SHB Jose Valentin
|
0-0: Ball 1-0: Ball 2-0: Ball 3-0: Base on Balls Tim Salmon to third Paul O'Neill to second
|
|
Batting: SHB Jose Oquendo
|
0-0: Ball 1-0: Foul Ball, location: 2F 1-1: Swinging Strike 1-2: Strikes out looking
|
| Top of the 2nd over - 0 runs, 0 hits, 0 errors, 3 left on base; Orlando 0 - Boston 0 |
| BOTTOM OF THE 2ND |
|
Boston Red Sox batting - Pitching for Orlando Devil Rays : RHP Shane Reynolds
|
|
Batting: LHB Barry Bonds
|
0-0: Called Strike 0-1: Foul Ball, location: 2F 0-2: Foul Ball, location: 2F 0-2: Ball 1-2: Foul Ball, location: 2F 1-2: Ball 2-2: Foul Ball, location: 2F 2-2: SOLO HOME RUN (Flyball, 8LXD, EV 96.9 MPH), Distance : 469 ft
|
|
Batting: LHB David Ortiz
|
0-0: Ball 1-0: Called Strike 1-1: Swinging Strike 1-2: Strikes out swinging
|
|
Batting: LHB Todd Hollandsworth
|
0-0: Ball 1-0: SINGLE (Line Drive, 9S, EV 107.5 MPH)
|
|
Batting: RHB Danny Tartabull
|
0-0: Ball 1-0: Swinging Strike 1-1: Ball 2-1: Swinging Strike 2-2: Ball 3-2: Ground out 5-3 (Groundball, 56, EV 107.5 MPH) Todd Hollandsworth to second
|
|
Batting: RHB Mike Cameron
|
0-0: Swinging Strike 0-1: Ball 1-1: Ball 2-1: Swinging Strike 2-2: Ball 3-2: Strikes out swinging
|
| Bottom of the 2nd over - 1 run, 2 hits, 0 errors, 1 left on base; Orlando 0 - Boston 1 |
| TOP OF THE 3RD |
|
Orlando Devil Rays batting - Pitching for Boston Red Sox : LHP Shinji Imanaka
|
|
Batting: RHB Craig Biggio
|
0-0: Called Strike 0-1: Called Strike 0-2: SINGLE (Groundball, 34D, EV 104.4 MPH)
|
|
Batting: RHB Brian Jordan
|
0-0: Called Strike 0-1: Ball 1-1: Fielders Choice at 2nd, 6-4 (Groundball, 6, EV 84.4 MPH)
|
|
Batting: RHB Jeff Bagwell
|
0-0: Ball 1-0: Swinging Strike 1-1: Foul Ball, location: 2F 1-2: Foul Ball, location: 2F 1-2: Foul Ball, location: 2F 1-2: Ball 2-2: Ball 3-2: Base on Balls Brian Jordan to second
|
|
Batting: RHB Ron Gant
|
0-0: Fly out, F8 (Line Drive, 8RD, EV 93.1 MPH)
|
|
Batting: RHB Tim Salmon
|
0-0: Ball 1-0: SINGLE (Line Drive, 6MD, EV 102.5 MPH) Brian Jordan to third Jeff Bagwell to second Runner from 3rd tries for Home, SAFE, no throw by CF
|
|
Batting: RHB Ivan Rodriguez
|
0-0: SINGLE (Flyball, 9S, EV 93.1 MPH) Jeff Bagwell to third Tim Salmon to second Runner from 3rd tries for Home, SAFE, throw by RF to home
|
|
Batting: LHB Paul O'Neill
|
0-0: Foul Ball, location: 2F 0-1: Ball 1-1: Foul Ball, location: 2F 1-2: Ground out U3 (Groundball, 3, EV 90.0 MPH)
|
| Top of the 3rd over - 2 runs, 3 hits, 0 errors, 2 left on base; Orlando 2 - Boston 1 |
| BOTTOM OF THE 3RD |
|
Boston Red Sox batting - Pitching for Orlando Devil Rays : RHP Shane Reynolds
|
|
Batting: RHB Todd Greene
|
0-0: Foul Ball, location: 2F 0-1: Foul Ball, location: 2F 0-2: Strikes out swinging
|
|
Batting: RHB Edgar Renteria
|
0-0: Called Strike 0-1: Foul Ball, location: 2F 0-2: Ball 1-2: Strikes out looking
|
|
Pitching: RHP Toby Borland
|
|
|
Batting: RHB Scott Fletcher
|
0-0: Ball 1-0: SINGLE (Groundball, 6MD, EV 103.8 MPH)
|
|
Batting: RHB Akira Eto
|
0-0: Ball 1-0: Ball 2-0: Ball 3-0: Called Strike 3-1: DOUBLE (Flyball, 78XD, EV 88.8 MPH) Scott Fletcher to third Runner from 3rd tries for Home, SAFE, throw by LF to home
|
|
Batting: LHB Barry Bonds
|
0-0: Ball 1-0: Ball 2-0: Ball 3-0: Called Strike 3-1: Base on Balls
|
|
Batting: LHB David Ortiz
|
0-0: Called Strike 0-1: Fly out, F6 (Popup, 15, EV 89.4 MPH)
|
| Bottom of the 3rd over - 1 run, 2 hits, 0 errors, 2 left on base; Orlando 2 - Boston 2 |
| TOP OF THE 4TH |
|
Orlando Devil Rays batting - Pitching for Boston Red Sox : LHP Shinji Imanaka
|
|
Batting: SHB Jose Valentin
|
0-0: Ball 1-0: Foul Ball, location: 2F 1-1: Ball 2-1: Called Strike 2-2: Strikes out looking
|
|
Batting: SHB Jose Oquendo
|
0-0: Ball 1-0: Foul Ball, location: 2F 1-1: Foul Ball, location: 2F 1-2: Ball 2-2: Ground out 6-3 (Groundball, 6, EV 104.4 MPH)
|
|
Batting: RHB Craig Biggio
|
0-0: Ball 1-0: Foul Ball, location: 2F 1-1: Ball 2-1: Swinging Strike 2-2: Ball 3-2: Foul Ball, location: 2F 3-2: Foul Ball, location: 2F 3-2: Strikes out looking
|
| Top of the 4th over - 0 runs, 0 hits, 0 errors, 0 left on base; Orlando 2 - Boston 2 |
| BOTTOM OF THE 4TH |
|
Boston Red Sox batting - Pitching for Orlando Devil Rays : RHP Toby Borland
|
|
Batting: LHB Todd Hollandsworth
|
0-0: Called Strike 0-1: Called Strike 0-2: DOUBLE (Line Drive, 89XD, EV 106.9 MPH)
|
|
Batting: RHB Danny Tartabull
|
0-0: Called Strike 0-1: Called Strike 0-2: Ball 1-2: Strikes out swinging
|
|
Batting: RHB Mike Cameron
|
0-0: Called Strike Todd Hollandsworth steals 3rd base 0-1: Ball 1-1: Foul Ball, location: 2F 1-2: Ground out 5-3 (Groundball, 56S, EV 66.9 MPH) Todd Hollandsworth scores
|
|
Batting: RHB Todd Greene
|
0-0: Fly out, F9 (Flyball, 9S, EV 84.4 MPH)
|
| Bottom of the 4th over - 1 run, 1 hit, 0 errors, 0 left on base; Orlando 2 - Boston 3 |
| TOP OF THE 5TH |
|
Orlando Devil Rays batting - Pitching for Boston Red Sox : LHP Shinji Imanaka
|
|
Batting: RHB Brian Jordan
|
0-0: Fly out, F7 (Flyball, 7D, EV 80.0 MPH)
|
|
Batting: RHB Jeff Bagwell
|
0-0: Ball 1-0: Called Strike 1-1: Called Strike 1-2: Strikes out swinging
|
|
Batting: RHB Ron Gant
|
0-0: Ball 1-0: Fly out, F7 (Flyball, 7S, EV 95.0 MPH)
|
| Top of the 5th over - 0 runs, 0 hits, 0 errors, 0 left on base; Orlando 2 - Boston 3 |
| BOTTOM OF THE 5TH |
|
Boston Red Sox batting - Pitching for Orlando Devil Rays : RHP Toby Borland
|
|
Batting: RHB Edgar Renteria
|
0-0: Ball 1-0: DOUBLE (Line Drive, 5D, EV 98.1 MPH)
|
|
Batting: RHB Scott Fletcher
|
0-0: Sac Bunt to 5S - play at first, batter OUT! 5-3 Edgar Renteria to third
|
|
Batting: RHB Akira Eto
|
0-0: Called Strike 0-1: Fly out, F7 (Flyball, 7LS, EV 94.4 MPH)
|
|
Batting: LHB Barry Bonds
|
0-0: Ball 1-0: Ball 2-0: Fly out, F7 (Flyball, 7, EV 88.8 MPH)
|
| Bottom of the 5th over - 0 runs, 1 hit, 0 errors, 1 left on base; Orlando 2 - Boston 3 |
| TOP OF THE 6TH |
|
Orlando Devil Rays batting - Pitching for Boston Red Sox : LHP Shinji Imanaka
|
|
Batting: RHB Tim Salmon
|
0-0: Called Strike 0-1: Ball 1-1: Swinging Strike 1-2: Ball 2-2: Ball 3-2: Strikes out swinging
|
|
Batting: RHB Ivan Rodriguez
|
0-0: Called Strike 0-1: Foul Ball, location: 2F 0-2: Ball 1-2: Ground out 3-1 (Groundball, 34, EV 76.9 MPH)
|
|
Batting: LHB Paul O'Neill
|
0-0: Ball 1-0: Called Strike 1-1: Ball 2-1: Ball 3-1: Base on Balls
|
|
Batting: SHB Jose Valentin
|
0-0: Called Strike 0-1: Ball 1-1: Called Strike 1-2: Strikes out swinging
|
| Top of the 6th over - 0 runs, 0 hits, 0 errors, 1 left on base; Orlando 2 - Boston 3 |
| BOTTOM OF THE 6TH |
|
Boston Red Sox batting - Pitching for Orlando Devil Rays : RHP Toby Borland
|
|
Batting: LHB David Ortiz
|
0-0: Foul Ball, location: 2F 0-1: Ball 1-1: Foul Ball, location: 2F 1-2: Single, Error in OF, E9, batter to second base (Line Drive, 89S, EV 98.1 MPH)
|
|
Pitching: RHP Scott Sullivan
|
|
|
Batting: LHB Todd Hollandsworth
|
0-0: Called Strike 0-1: Foul Ball, location: 2F 0-2: Strikes out swinging
|
|
Batting: RHB Danny Tartabull
|
0-0: Called Strike 0-1: Ground out 6-3 (Groundball, 6S, EV 82.5 MPH)
|
|
Batting: RHB Mike Cameron
|
0-0: Called Strike 0-1: Foul Ball, location: 2F 0-2: Ball 1-2: Ground out 4-3 (Groundball, 4, EV 85.0 MPH)
|
| Bottom of the 6th over - 0 runs, 1 hit, 1 error, 1 left on base; Orlando 2 - Boston 3 |
| TOP OF THE 7TH |
|
Orlando Devil Rays batting - Pitching for Boston Red Sox : LHP Shinji Imanaka
|
|
Batting: SHB Jose Oquendo
|
0-0: Foul Ball, location: 2F 0-1: Ball 1-1: Fly out, F4 (Popup, 4, EV 59.4 MPH)
|
|
Batting: RHB Craig Biggio
|
0-0: Called Strike 0-1: Ball 1-1: SINGLE (Groundball, 4D, EV 98.1 MPH)
|
|
Pitching: LHP Paul Assenmacher
|
|
|
Batting: RHB Brian Jordan
|
0-0: Called Strike Craig Biggio steals 2nd base 0-1: Ball 1-1: Foul Ball, location: 2F 1-2: Fly out, F8 (Flyball, 8LM, EV 88.1 MPH)
|
|
Batting: RHB Jeff Bagwell
|
0-0: Foul Ball, location: 2F 0-1: Swinging Strike 0-2: Foul Ball, location: 2F 0-2: Hit by Pitch
|
|
Batting: RHB Ron Gant
|
0-0: Fly out, F9 (Flyball, 9D, EV 80.6 MPH)
|
| Top of the 7th over - 0 runs, 1 hit, 0 errors, 2 left on base; Orlando 2 - Boston 3 |
| BOTTOM OF THE 7TH |
|
Boston Red Sox batting - Pitching for Orlando Devil Rays : RHP Scott Sullivan
|
|
Batting: RHB Todd Greene
|
0-0: Ball 1-0: Swinging Strike 1-1: Ball 2-1: Swinging Strike 2-2: Foul Ball, location: 2F 2-2: Ground out 4-3 (Groundball, 4, EV 89.4 MPH)
|
|
Batting: RHB Edgar Renteria
|
0-0: Ball 1-0: Foul Ball, location: 2F 1-1: Ball 2-1: Ball 3-1: Foul Ball, location: 2F 3-2: Base on Balls
|
|
Batting: RHB Scott Fletcher
|
0-0: Ball 1-0: Ball 2-0: Called Strike 2-1: Swinging Strike 2-2: DOUBLE (Groundball, 5L, EV 104.4 MPH) Edgar Renteria to third
|
|
Batting: RHB Akira Eto
|
0-0: Ground out 4-3 (Groundball, 4, EV 86.9 MPH)
|
|
Batting: LHB Barry Bonds
|
0-0: Swinging Strike 0-1: Fly out, F5 (Popup, 56S, EV 80.0 MPH)
|
| Bottom of the 7th over - 0 runs, 1 hit, 0 errors, 2 left on base; Orlando 2 - Boston 3 |
| TOP OF THE 8TH |
|
Orlando Devil Rays batting - Pitching for Boston Red Sox : LHP Paul Assenmacher
|
|
Batting: RHB Tim Salmon
|
0-0: Fly out, F7 (Line Drive, 7, EV 92.5 MPH)
|
|
Batting: RHB Ivan Rodriguez
|
0-0: Called Strike 0-1: Swinging Strike 0-2: Ball 1-2: Ball 2-2: Strikes out looking
|
|
Batting: LHB Paul O'Neill
|
0-0: Foul Ball, location: 2F 0-1: Fly out, F8 (Flyball, 8LXD, EV 89.4 MPH)
|
| Top of the 8th over - 0 runs, 0 hits, 0 errors, 0 left on base; Orlando 2 - Boston 3 |
| BOTTOM OF THE 8TH |
|
Boston Red Sox batting - Pitching for Orlando Devil Rays : RHP Scott Sullivan
|
|
Batting: LHB David Ortiz
|
0-0: Called Strike 0-1: Ball 1-1: SINGLE (Groundball, 4MD, EV 111.3 MPH)
|
|
Pitching: LHP Alan Embree
|
|
|
Batting: LHB Todd Hollandsworth
|
0-0: Ball 1-0: Hit by Pitch David Ortiz to second
|
|
Batting: RHB Danny Tartabull
|
0-0: Ball 1-0: Foul Ball, location: 2F 1-1: Ball 2-1: Foul Ball, location: 2F 2-2: Ball 3-2: Foul Ball, location: 2F 3-2: Base on Balls David Ortiz to third Todd Hollandsworth to second
|
|
Batting: RHB Mike Cameron
|
0-0: Ball 1-0: Ball 2-0: GRAND SLAM HOME RUN (Flyball, 7D, EV 99.4 MPH), Distance : 387 ft
|
|
Batting: RHB Todd Greene
|
0-0: Foul Ball, location: 2F 0-1: Ball 1-1: Ball 2-1: Ball 3-1: Fly out, F8 (Flyball, 8RM, EV 95.6 MPH)
|
|
Batting: RHB Edgar Renteria
|
0-0: Ball 1-0: Called Strike 1-1: SINGLE (Groundball, 34D, EV 102.5 MPH)
|
|
Batting: RHB Scott Fletcher
|
0-0: Ball 1-0: Called Strike 1-1: Called Strike 1-2: Foul Ball, location: 2F 1-2: Fly out, F8 (Flyball, 8RXD, EV 104.4 MPH)
|
|
Batting: RHB Akira Eto
|
0-0: Foul Ball, location: 2F 0-1: Ball 1-1: Ball 2-1: Ball 3-1: Swinging Strike 3-2: Base on Balls Edgar Renteria to second
|
|
Batting: LHB Barry Bonds
|
0-0: Foul Ball, location: 2F 0-1: Ball Balk! Edgar Renteria to third Akira Eto to second 1-1: Fly out, F7 (Line Drive, 7, EV 102.5 MPH)
|
| Bottom of the 8th over - 4 runs, 3 hits, 0 errors, 2 left on base; Orlando 2 - Boston 7 |
| TOP OF THE 9TH |
|
Orlando Devil Rays batting - Pitching for Boston Red Sox : LHP Paul Assenmacher
|
|
Batting: SHB Jose Valentin
|
0-0: Ball 1-0: Foul Ball, location: 2F 1-1: Ground out 2-3 (Groundball, 15S, EV 69.4 MPH)
|
|
Batting: SHB Jose Oquendo
|
0-0: Called Strike 0-1: Fly out, F9 (Line Drive, 9D, EV 89.4 MPH)
|
|
Batting: RHB Craig Biggio
|
0-0: Ground out 5-3 (Groundball, 56, EV 98.1 MPH)
|
| Top of the 9th over - 0 runs, 0 hits, 0 errors, 0 left on base; Orlando 2 - Boston 7 |
|